 Dungeon Crawl Stone Soup version 0.26.0-57-g60708a5e39 (webtiles) character file.

Game seed: 4329914472672745602

237 swilekon the Chopper (level 6, -2/47 HPs)
             Began as an Octopode Monk on Feb 1, 2021.
             Slain by Purgy (7 damage)
             ... on level 3 of the Dungeon.
             The game lasted 00:05:11 (3073 turns).

swilekon the Chopper (Octopode Monk)                Turns: 3073, Time: 00:05:11

Health: -2/47      AC:  1    Str:  9 (12) XL:     6   Next: 6%
Magic:  6/6        EV: 15    Int: 16 (18) God:
Gold:   124        SH:  0    Dex: 14 (15) Spells: 5/5 levels left

rFire    . . .     SeeInvis .   a - +0 hand axe
rCold    . . .     Faith    .   (no shield)
rNeg     + . .     Spirit   .   (helmet restricted)
rPois    .         Reflect  .   g - amulet of magic regeneration
rElec    .         Harm     .   h - ring of positive energy
rCorr    .         Rampage  .   k - +6 ring of intelligence
Will     .....                  (no ring)
Stlth    +++.......             (no ring)
HPRegen  0.15/turn              (no ring)
MPRegen  0.35/turn              (no ring)
                                (no ring)
                                (no ring)

@: no status effects
A: almost no armour, stealthy swim, amphibious, 8 rings, constrict 8, camouflage
1, mutation resistance 1, robust 1, gelatinous body 1
a: no special abilities


You were on level 3 of the Dungeon.
You visited 1 branch of the dungeon, and saw 3 of its levels.

You collected 124 gold pieces.

Inventory:

Hand Weapons
 a - a +0 hand axe (weapon)
Jewellery
 g - an amulet of magic regeneration (around mantle)
 h - a ring of positive energy (left tentacle)
 k - a +6 ring of intelligence (right tentacle)
Wands
 j - a wand of flame (17)
 l - a wand of digging (5)
Scrolls
 b - 5 scrolls of teleportation {unknown}
 d - 9 scrolls of identify {unknown}
 f - 2 scrolls of enchant weapon {unknown}
 i - a scroll of remove curse {unknown}
 n - a scroll of random uselessness {unknown}
 o - a scroll of blinking {unknown}
Potions
 c - a potion of flight
 e - 2 potions of degeneration
 m - a potion of brilliance


   Skills:
 + Level 4.1 Fighting
 * Level 5.1 Axes
 + Level 4.1 Dodging
 - Level 2.6 Stealth


You had 5 spell levels left.
You didn't know any spells.
Your spell library was empty.

Dungeon Overview and Level Annotations

Branches:
Dungeon (3/15)

Altars:
Fedhas
Kikubaaqudgha
Wu Jian

Annotations:
D:3 Purgy


Innate Abilities, Weirdness & Mutations

You cannot wear most types of armour.
You are very stealthy in the water. (Stealth+)
You are amphibious.
You can wear up to eight rings at the same time.
You can use your tentacles to constrict eight enemies at once.
Your skin changes colour to match your surroundings (Stealth+).
Your rubbery body absorbs attacks. (AC +1, EV +1)
You are somewhat resistant to further mutation.
You are robust. (+10% HP)


Message History

You hit Purgy but do no damage. Your squeeze misses Purgy.
Purgy is severely wounded.
Purgy closely misses you. Purgy claws you.
* * * LOW HITPOINT WARNING * * *
Purgy completely misses you.
You barely miss Purgy.
Purgy is severely wounded.
Purgy barely misses you. Purgy claws you.
* * * LOW HITPOINT WARNING * * *
Purgy misses you.
You barely miss Purgy.
Purgy is heavily wounded.
Purgy completely misses you. Purgy barely misses you. Purgy closely misses you.
You barely miss Purgy. You squeeze Purgy.
Purgy is severely wounded.
Purgy closely misses you. x2; Purgy misses you.
You closely miss Purgy. Your squeeze misses Purgy.
Purgy is severely wounded.
Purgy bites you!
You die...

# #.#
#......# #.
#.# ####...#
### .## #.#
##..# ...
..#####.#
#...
##.##.#.(...#
#...
......#.##..#
###.
#.#..(.....#
##.
#..........#
#..
#.###@######
#._ #....T#
#.. #.###.#
### ... ###


You could see Purgy.

Vanquished Creatures
  Crazy Yiuf (D:2)
  Natasha (thrice) (D:2)
  A worker ant (D:3)
  4 adders
  2 oozes
  5 dart slugs
  A leopard gecko (D:1)
  An orc (D:3)
  6 bats
  4 giant cockroaches
  3 goblins
  8 hobgoblins
  3 jackals (D:1)
  3 kobolds
  A quokka (D:3)
  3 ball pythons
  5 frilled lizards
  5 rats
  A bush (D:2)
60 creatures vanquished.

Vanquished Creatures (others)
  4 fungi (D:2)
4 creatures vanquished.

Grand Total: 64 creatures vanquished

Notes
Turn   | Place    | Note
-------+----------+-------------------------------------------
     0 | D:1      | swilekon the Octopode Monk began the quest for the Orb.
     0 | D:1      | Reached XP level 1. HP: 16/16 MP: 1/1
    96 | D:1      | Reached XP level 2. HP: 18/21 MP: 2/2
   461 | D:1      | Reached XP level 3. HP: 26/26 MP: 3/3
   994 | D:2      | Noticed Natasha
  1006 | D:2      | Killed Natasha
  1007 | D:2      | Reached skill level 4 in Axes
  1007 | D:2      | Reached XP level 4. HP: 20/31 MP: 4/4
  1020 | D:2      | Noticed Natasha
  1028 | D:2      | Killed Natasha
  1428 | D:2      | Noticed Natasha
  1435 | D:2      | Killed Natasha
  1436 | D:2      | Reached XP level 5. HP: 19/37 MP: 5/5
  1856 | D:2      | Found an ornate altar of the Wu Jian Council.
  2141 | D:2      | Found a runed translucent door.
  2142 | D:2      | Noticed Crazy Yiuf
  2152 | D:2      | Killed Crazy Yiuf
  2618 | D:3      | Reached skill level 5 in Axes
  2737 | D:3      | Reached XP level 6. HP: 4/43 MP: 6/6
  2740 | D:3      | Gained mutation: You are robust. (+10% HP) [potion of
                  | mutation]
  2740 | D:3      | Gained mutation: You are somewhat resistant to further
                  | mutation. [potion of mutation]
  2987 | D:3      | Found an ancient bone altar of Kikubaaqudgha.
  2989 | D:3      | Found a blossoming altar of Fedhas.
  3055 | D:3      | Noticed Purgy
  3073 | D:3      | Slain by Purgy

Illustrated notes

Levels and vault maps discovered:
D:1:      sevenhm_arrival_forest_fort_large_2, layout_basic
D:2:      layout_basic, marbit_many_paths, grunt_decor_junction, uniq_natasha,
          uniq_crazy_yiuf_cottage
D:3:      minmay_spotlight, layout_basic,
          grunt_temple_overflow_growth_and_decay, uniq_purgy

Skill      XL: |  1  2  3  4  5 |
---------------+----------------+-----
Axes           | 4 5 |  5.1
Fighting       | 4 |  4.1
Dodging        | 4 |  4.1
Stealth        | |  2.6

Action                   |  1- 3 |  4- 6 || total
-------------------------+-------+-------++-------
Melee: Hand axe          |    61 |   158 ||   219
       Constrict         |    23 |    23 ||    46
       Tentacles         |    12 |    53 ||    65
  Use: Potion            |       |     5 ||     5
 Stab: Sleeping          |     7 |     7 ||    14
Armor: Skin              |     2 |     6 ||     8
Dodge: Dodged            |    50 |    84 ||   134
